 Dungeon Crawl Stone Soup version 0.21.1-1-g345015f (webtiles) character file.

588 inc the Shield-Bearer (level 7, -5/52 HPs)
             Began as a Formicid Fighter on June 18, 2018.
             Slain by a gnoll
             ... wielding a +1 vampiric halberd
              (9 damage)
             ... on level 5 of the Dungeon.
             The game lasted 00:07:41 (4019 turns).

inc the Shield-Bearer (Formicid Fighter)            Turns: 4019, Time: 00:07:41

Health: -5/52      AC:  9    Str: 21    XL:     7   Next: 65%
Magic:  7/7        EV:  9    Int:  9    God:
Gold:   238        SH: 10    Dex: 10    Spells: 6/6 levels left

rFire    . . .     SeeInvis +   a - +0 quarterstaff
rCold    . . .     Gourm    .   c - +0 shield
rNeg     . . .     Faith    .   u - +0 scale mail
rPois    .         Spirit   .   (helmet unavailable)
rElec    .         Reflect  .   (no cloak)
rCorr    .         Harm     .   (no gloves)
MR       .....                  p - +1 pair of boots
Stlth    ..........             (no amulet)
HPRegen  0.17/turn              (no ring)
MPRegen  0.10/turn              (no ring)

@: no status effects
A: permanent stasis, dig shafts and tunnels, four strong arms, antennae 3
a: Dig, Shaft Self


You were on level 5 of the Dungeon.
You were hungry.

You visited 1 branch of the dungeon, and saw 5 of its levels.

You collected 238 gold pieces.

Inventory:

Hand Weapons
 a - a +0 quarterstaff (weapon)
 b - a +0 blowgun
Missiles
 v - 8 poisoned needles
 w - 3 needles of sleeping
 y - 6 curare-tipped needles
Armour
 c - a +0 shield (worn)
 p - a +1 pair of boots (worn)
 q - a +2 shield
 u - a +0 scale mail (worn)
Jewellery
 j - a +1 ring of slaying {unknown}
 B - an uncursed ring of positive energy {unknown}
 D - an uncursed ring of stealth {unknown}
Wands
 A - a wand of digging (4)
 F - a wand of disintegration (18)
Scrolls
 e - a scroll of enchant weapon {unknown}
 i - 8 scrolls of identify {unknown}
 k - 3 scrolls of teleportation {unknown}
 m - a scroll of remove curse {unknown}
 r - a scroll of random uselessness {unknown}
 s - a scroll of enchant armour {unknown}
 E - a scroll of blinking {unknown}
Potions
 d - 2 potions of might
 g - 2 potions of agility {unknown}
 h - a potion of resistance {unknown}
 l - 2 potions of lignification {unknown}
 n - a potion of brilliance {unknown}
 t - a potion of magic {unknown}
 x - 4 potions of curing {unknown}
 z - a potion of flight {unknown}
Books
 o - a book of Misfortune

   Spells                             Type                      Level
   a - Confusing Touch                Hexes                        1
   b - Confuse                        Hexes                        3
   c - Gell's Gravitas                Translocation                3
   d - Petrify                        Transmutation/Earth          4
   e - Metabolic Englaciation         Hexes/Ice                    5
   f - Yara's Violent Unravelling     Hexes/Transmutation          5
 C - a book of Minor Magic

   Spells                             Type                      Level
   a - Magic Dart                     Conjuration                  1
   b - Blink                          Translocation                2
   c - Call Imp                       Summoning                    2
   d - Slow                           Hexes                        2
   e - Conjure Flame                  Conjuration/Fire             3
   f - Mephitic Cloud                 Conjuration/Poison/Air       3
 G - a book of Conjurations

   Spells                             Type                      Level
   a - Magic Dart                     Conjuration                  1
   b - Searing Ray                    Conjuration                  2
   c - Dazzling Spray                 Conjuration/Hexes            3
   d - Fulminant Prism                Conjuration/Hexes            4
   e - Force Lance                    Conjuration/Translocation    4
   f - Iskenderun's Mystic Blast      Conjuration                  4
Comestibles
 f - 10 rations


   Skills:
 - Level 3.2 Fighting
 + Level 5.8 Staves
 - Level 3.2 Armour
 + Level 7.4 Shields


You had 6 spell levels left.
You didn't know any spells.

Dungeon Overview and Level Annotations

Branches:
Dungeon (5/15)
 Temple: D:4-7

Altars:
Elyvilon
Makhleb
The Shining One

Shops:
D:4 =[


Innate Abilities, Weirdness & Mutations

You cannot be hasted, slowed, berserked, paralysed or teleported.
You can dig through walls and to a lower floor.
Your four strong arms can wield two-handed weapons with a shield.
You have a pair of large antennae on your head. (SInv)


Message History

You block the gnoll sergeant's attack.
You hit the gnoll sergeant but do no damage.
The gnoll sergeant is lightly wounded.
The gnoll misses you.
The gnoll sergeant hits you with a spear.
* * * LOW HITPOINT WARNING * * *
You hit the gnoll sergeant.
The gnoll sergeant is moderately wounded.
The gnoll hits you from afar with a vampiric halberd!
* * * LOW HITPOINT WARNING * * *
You block the gnoll sergeant's attack.
You hit the gnoll sergeant.
The gnoll sergeant is moderately wounded.
You block the gnoll's attack.
The gnoll sergeant hits you but does no damage.
The gnoll sergeant blocks your attack.
The gnoll sergeant is moderately wounded.
You block the gnoll sergeant's attack.
The gnoll hits you from afar with a vampiric halberd!
You die...

#### ##### #... ...#
#... #####.#######
#...####........@gg#
.......#[###.#####g#
..........##.# #
(......#..##.# {
#....###..##.# {
..........##[#
.....####.##.#
.#..## #.##.#
....#####.##.###


You could see a gnoll sergeant and 2 gnolls.

Vanquished Creatures
  A phantom (D:5)
  2 scorpions (D:4)
  A water moccasin skeleton (D:4)
  A crimson imp (D:4)
  2 orc wizards (D:3)
  A centaur skeleton (D:5)
  Ijyb (D:3)
  A hound skeleton (D:4)
  Robin (D:3)
  A gnoll (D:5)
  8 adders
  2 worms
  A dart slug (D:2)
  3 leopard geckos (D:3)
  8 orcs
  3 ball pythons
  4 giant cockroaches
  15 goblins
  8 hobgoblins
  7 jackals
  7 kobolds
  3 quokkas
  8 bats
  4 frilled lizards
  A leopard gecko skeleton (D:4)
  A quokka skeleton (D:4)
  5 rats
  2 fungi (D:4)
102 creatures vanquished.

Vanquished Creatures (others)
  2 fungi (D:4)
2 creatures vanquished.

Grand Total: 104 creatures vanquished

Notes
Turn   | Place    | Note
-------+----------+-------------------------------------------
     0 | D:1      | inc the Formicid Fighter began the quest for the Orb.
     0 | D:1      | Reached XP level 1. HP: 18/18 MP: 1/1
   614 | D:1      | Reached XP level 2. HP: 24/24 MP: 2/2
   824 | D:2      | Reached skill level 4 in Shields
   911 | D:1      | Reached XP level 3. HP: 4/29 MP: 3/3
  1337 | D:2      | Reached XP level 4. HP: 29/35 MP: 4/4
  1688 | D:2      | Found a glowing golden altar of the Shining One.
  1803 | D:2      | Found a white marble altar of Elyvilon.
  2129 | D:3      | Reached skill level 5 in Shields
  2129 | D:3      | Reached XP level 5. HP: 37/41 MP: 5/5
  2258 | D:3      | Found a burning altar of Makhleb.
  2260 | D:3      | Noticed a green death
  2740 | D:3      | Noticed Robin
  2751 | D:3      | Killed Robin
  2762 | D:3      | Reached XP level 6. HP: 24/47 MP: 6/6
  2924 | D:3      | Noticed Ijyb
  2939 | D:3      | Killed Ijyb
  3303 | D:4      | Found Loosch's Jewellery Shoppe.
  3319 | D:4      | Reached skill level 6 in Shields
  3378 | D:4      | Found Neaxett's Antique Armour Emporium.
  3408 | D:4      | Reached skill level 5 in Staves
  3490 | D:4      | Reached XP level 7. HP: 51/52 MP: 7/7
  3664 | D:4      | Reached skill level 7 in Shields
  3686 | D:4      | Found the +7 Singing Sword
  3915 | D:5      | Entered Level 5 of the Dungeon
  4019 | D:5      | Slain by a gnoll

Skill      XL: |  1  2  3  4  5  6  7 |
---------------+----------------------+-----
Shields        | 4 5 6 7 |  7.4
Staves         | 3 4 5 |  5.8
Fighting       | |  3.2
Armour         | |  3.2

Action                   |  1- 3 |  4- 6 |  7- 9 || total
-------------------------+-------+-------+-------++-------
Melee: Quarterstaff      |    85 |   252 |   115 ||   452
 Abil: Dig               |       |       |     1 ||     1
  Eat: Chunk             |     1 |     7 |     2 ||    10
Armor: Scale mail        |    61 |    90 |    25 ||   176
Dodge: Dodged            |    44 |    76 |    27 ||   147
Block: Shield            |    63 |   149 |    41 ||   253
